 Dungeon Crawl Stone Soup version 0.20-a0-957-g47ad1fd (webtiles) character file.

133 Krakonus1 the Poker (level 5, -8/35 HPs)
             Began as an Octopode Gladiator on Apr 5, 2017.
             Mangled by a gnoll
             ... wielding a +0 halberd
              (11 damage)
             ... on level 2 of the Dungeon.
             The game lasted 00:05:49 (1670 turns).

Krakonus1 the Poker (Octopode Gladiator)            Turns: 1670, Time: 00:05:50

Health: -8/35      AC:  1    Str: 14    XL:     5   Next: 16%
Magic:  5/5        EV: 15    Int: 10    God:
Gold:   51         SH:  0    Dex: 14    Spells: 4/4 levels left

rFire    . . .     SeeInvis .   f - +0 halberd
rCold    . . .     Gourm    .   (shield currently unavailable)
rNeg     . . .     Faith    .   b - +0 hat
rPois    .         Spirit   .   (no amulet)
rElec    .         Reflect  .   (no ring)
rCorr    .         Harm     .   (no ring)
MR       .....                  (no ring)
Stlth    ++........             (no ring)
Regen    0.2/turn               (no ring)
MPRegen  0.1/turn               (no ring)
                                (no ring)
                                (no ring)

@: no status effects
A: almost no armour, stealthy swim, amphibious, 8 rings, constrict 8, camouflage
1, gelatinous body 1
a: no special abilities


You were on level 2 of the Dungeon.
You were not hungry.

You visited 1 branch of the dungeon, and saw 2 of its levels.

You collected 51 gold pieces.

Inventory:

Hand Weapons
 a - a +0 trident
 f - a +0 halberd (weapon)
Missiles
 c - a throwing net (quivered)
Armour
 b - a +0 hat (worn)
Scrolls
 g - 2 scrolls of remove curse
 i - a scroll of blinking {unknown}
 j - a scroll of recharging {unknown}
 k - 2 scrolls of noise {unknown}
 n - 3 scrolls of fear {unknown}
Potions
 e - a potion of cancellation
 h - a potion of might {unknown}
 o - a potion of degeneration {unknown}
Comestibles
 d - 3 bread rations
 l - 2 meat rations
 p - a royal jelly


   Skills:
 + Level 2.4 Fighting
 + Level 5.0 Polearms
 - Level 2.0 Throwing
 * Level 3.7 Dodging


You had 4 spell levels left.
You didn't know any spells.

Dungeon Overview and Level Annotations

Branches:
Dungeon (2/15)

Altars:
Elyvilon
Qazlal


Innate Abilities, Weirdness & Mutations

You cannot wear most types of armour.
You are very stealthy in the water. (Stealth+)
You are amphibious.
You can wear up to eight rings at the same time.
You can use your tentacles to constrict eight enemies at once.
Your skin changes colour to match your surroundings (Stealth+).
Your rubbery body absorbs attacks. (AC +1, EV +1)


Message History

You reach to attack!
You closely miss the gnoll. The gnoll closely misses you.
The gnoll hits you from afar with an enchanted spear.
The gnoll completely misses you. The gnoll barely misses you.
Things that are here:
a short sword; a gnoll corpse You hit the gnoll but do no damage.
You grab the gnoll. You constrict the gnoll. The gnoll misses you.
The gnoll barely misses you.
You puncture the gnoll! You squeeze the gnoll.
The gnoll is almost dead.
You constrict the gnoll, but do no damage.
The gnoll closely misses you.
The gnoll hits you with an enchanted spear!
* * * LOW HITPOINT WARNING * * *
You hit the gnoll.
You kill the gnoll!
Your Polearms skill increases to level 5!
The gnoll hits you from afar with a halberd.
* * * LOW HITPOINT WARNING * * *
The gnoll hits you with a halberd!
You die...

..+ ....#.# #.##.....##.......
..#####.##.#####.##.....##...####
..+........##........#####...#
..######.####........# ##...####
..... #.## #........# #........
..### #..# #........# #........
..# ##.###........# #........ #.#
#..##...g....# #........ .#
##.#####@##### #........ #..# #)#
#......## ##.# #.# ##.....# #.#
#.# #.....# ........ #.## #.#
#.....# ........ #..# #.# #.....#
......# ##.###.# #.....# ......#
#..##.# #.....# ......# ##.##.#
#######


You could see a gnoll.

Vanquished Creatures
  Jessica (D:2)
  6 gnolls
  2 adders (D:2)
  2 worms (D:2)
  A ball python (D:1)
  A bat (D:1)
  2 giant cockroaches (D:2)
  4 goblins (D:1)
  4 hobgoblins (D:1)
  A frilled lizard (D:2)
  2 kobolds (D:1)
  4 rats
30 creatures vanquished.

Notes
Turn   | Place    | Note
-------+----------+-------------------------------------------
     0 | D:1      | Krakonus1 the Octopode Gladiator began the quest for the Orb.
     0 | D:1      | Reached XP level 1. HP: 14/14 MP: 1/1
   277 | D:1      | Reached XP level 2. HP: 19/19 MP: 2/2
   797 | D:1      | Reached XP level 3. HP: 15/25 MP: 3/3
   983 | D:2      | Found a stormy altar of Qazlal.
   996 | D:2      | Found a white marble altar of Elyvilon.
  1063 | D:2      | Reached skill level 4 in Polearms
  1305 | D:2      | Reached XP level 4. HP: 18/30 MP: 4/4
  1333 | D:2      | Noticed Jessica
  1336 | D:2      | Killed Jessica
  1662 | D:2      | Reached XP level 5. HP: 20/35 MP: 5/5
  1669 | D:2      | Reached skill level 5 in Polearms
  1670 | D:2      | Mangled by a gnoll

Vault maps used:
D:1:      grunt_arrival_lava_bath
D:2:      amethyst_overflow_temple_binary, kennysheep_generic_room_8,
          uniq_jessica

Skill      XL: |  1  2  3  4  5 |
---------------+----------------+-----
Polearms       | 4 5 |  5.0
Fighting       | |  2.4
Throwing       | |  2.0
Dodging        | |  3.7

Action                   |  1- 3 |  4- 6 || total
-------------------------+-------+-------++-------
Melee: Trident           |    50 |    14 ||    64
       Constrict         |    10 |     4 ||    14
       Tentacles         |     9 |     2 ||    11
       Halberd           |       |    23 ||    23
Throw: Throwing net      |     2 |       ||     2
  Use: Scroll            |     3 |       ||     3
       Potion            |       |     1 ||     1
 Stab: Sleeping          |     9 |       ||     9
  Eat: Chunk             |     1 |     1 ||     2
Armor: Skin              |     1 |     1 ||     2
Dodge: Dodged            |    11 |    27 ||    38
